 Dungeon Crawl Stone Soup version 0.30-a0-723-gc1506a1cf0 (webtiles) character file.

Game seed: 8492814398320063318

3094 teh the Chiller (level 9, -10/69 HPs)
             Began as a Demonspawn Ice Elementalist on Jan 28, 2023.
             Mangled by a gnoll sergeant
             ... wielding a +0 glaive
              (18 damage)
             ... in a bailey.
             The game lasted 00:11:10 (6049 turns).

teh the Chiller (Demonspawn Ice Elementalist)       Turns: 6049, Time: 00:11:11

Health: -10/69     AC:  5    Str:  9    XL:     9   Next: 59%
Magic:  14/17      EV: 13    Int: 21    God:
Gold:   363        SH:  0    Dex: 13    Spells: 12/19 levels left

rFire   . . .      SeeInvis .    h - +3 rapier (elec)
rCold   . . .      Faith    .    (no shield)
rNeg    . . .      Spirit   .    m - +1 leather armour
rPois   .          Reflect  .    (helmet unavailable)
rElec   .          Harm     .    (no cloak)
rCorr   .          Rampage  .    a - +0 pair of gloves
Will    .....                    (no boots)
Stlth   ++                       l - amulet of the acrobat
HPRegen 0.31/turn                (no ring)
MPRegen 0.15/turn                (no ring)

@: no status effects
A: horns 3, powered by death 1, demonic magic 2
a: no special abilities


You were in a bailey.
You visited 1 branch of the dungeon, and saw 7 of its levels.
You also visited: Bailey.

You collected 363 gold pieces.

Inventory:

Hand Weapons
 c - a +1 dagger
 h - a +3 rapier of electrocution (weapon)
 y - the +8 mithril axe "Arga" {speed, Will+}
   (You took it off a gnoll sergeant in a bailey)

   Will:      It increases your willpower.
Missiles
 x - 4 throwing nets (quivered)
Armour
 a - a +0 pair of gloves (worn)
 m - a +1 leather armour (worn)
Jewellery
 l - an amulet of the acrobat (around neck)
Scrolls
 e - a scroll of blinking
 o - 2 scrolls of noise
 r - a scroll of fear
 t - a scroll of identify
 w - a scroll of fog
Potions
 b - 2 potions of magic
 d - 6 potions of heal wounds
 f - a potion of degeneration
 g - a potion of invisibility {unknown}
 i - 4 potions of curing
 j - a potion of ambrosia {unknown}
 k - a potion of brilliance {unknown}
 n - 2 potions of flight {unknown}
 p - 2 potions of haste {unknown}
 q - a potion of berserk rage {unknown}
 s - 3 potions of lignification {unknown}
 u - 3 potions of cancellation {unknown}
 v - a potion of mutation {unknown}


   Skills:
 + Level 5.8 Fighting
 + Level 5.8 Dodging
 - Level 1.7 Stealth
 + Level 5.8 Spellcasting
 + Level 5.9 Conjurations
 + Level 6.6 Ice Magic


You had 12 spell levels left.
You knew the following spells:

 Your Spells              Type           Power      Damage    Failure   Level
a - Freeze                Ice            100%       1d10      1%          1
b - Frozen Ramparts       Ice            66%        1d10      2%          3
c - Ozocubu's Armour      Ice            33%        N/A       2%          3

Your spell library contained the following spells:

 Spells                   Type           Power      Damage    Failure   Level
 Summon Ice Beast         Ice/Summ       19%        N/A       34%         4
 Call Canine Familiar     Summ           6%         N/A       38%         3
 Portal Projectile        Hex/Tloc       12%        N/A       38%         3
 Leda's Liquefaction      Hex/Erth       3%         N/A       80%         4
 Malign Gateway           Summ/Tloc      3%         N/A       100%        7
 Summon Horrible Things   Summ           3%         N/A       100%        8


Dungeon Overview and Level Annotations

Branches:
Dungeon (7/15)             Temple (0/1) D:5          Bailey (1/1)

Altars:
Dithmenos
Kikubaaqudgha

Shops:
D:5 =


Innate Abilities, Weirdness & Mutations

You have a pair of large horns on your head.
You regenerate a little health from kills.
Spells you cast may paralyse nearby enemies.


Message History

Aim: a gnoll, wielding a +3 demon trident of freezing and wearing a +0 scale mail (moderately wounded)
You freeze the gnoll!
You kill the gnoll!
Malevolent energies surge around you.
You see here a wolf corpse.
Items here: )) [[ ÷÷.
Items here: ))) [[[ ÷ †.
y - the +8 mithril axe "Arga" {speed, Will+} A gnoll sergeant comes into view.
It is wielding a +0 glaive.
The gnoll shouts!
Casting: Freeze (safe; 1% risk of failure)
Confirm with . or Enter, or press ? or * to list all spells.
You can't see any susceptible monsters within range! (Use Z to cast anyway.)
The gnoll sergeant shouts!
Items here: )) [[ ÷÷.
The gnoll barely misses you.
The gnoll sergeant hits you but does no damage.
The gnoll completely misses you.
The gnoll sergeant completely misses you.
Casting: Freeze (safe; 1% risk of failure)
Confirm with . or Enter, or press ? or * to list all spells.
Aiming: Freeze (safe; 1% risk of failure)
Press: ? - help, Shift-Dir - straight line, f - gnoll
Aim: a gnoll, wielding a +0 halberd and wearing a +0 chain mail You freeze the gnoll!
The gnoll is heavily wounded.
Malevolent energies surge around you.
The gnoll suddenly stops moving!
The gnoll sergeant hits you from afar with a +0 glaive!
* * * LOW HITPOINT WARNING * * *
The helpless gnoll fails to defend itself.
You hit the gnoll.
The gnoll is almost dead.
The gnoll sergeant hits you from afar with a +0 glaive!
* * * LOW HITPOINT WARNING * * *
The helpless gnoll fails to defend itself.
You hit the gnoll but do no damage. You headbutt the gnoll.
You kill the gnoll!
A gnoll sergeant comes into view. It is wielding a +0 halberd.
The gnoll sergeant hits you from afar with a +0 glaive!!
You die...

♣♣..≈..# ##...##h.g.
♣♣...≈..######.....###(#
#♣♣♣)......'...#.......#...
#∩..)......')))')..8...'...
#♣♣♣.......g...#.......#...
♣♣...≈.)######.....###+#
♣...≈.†# ##...## ♣...≈.)#
##### ♣♣..≈.@# ♣♣.≈..#
♣.≈g)### ♣♣≈≈[..#
♣♣≈≈≈≈≈≈≈≈≈≈≈ ♣♣♣♣♣♣♣♣♣♣♣♣


You could see 2 gnoll sergeants.

Vanquished Creatures
  Pikel (D:4)
  Grinder (D:6)
  Sigmund (D:4)
  2 ogres (D:5)
  4 wolves (Bailey)
  A centaur (D:5)
  A lemure (D:4)
  A phantom (D:4)
  A bullfrog (D:6)
  A necrophage (D:5)
  3 gnoll sergeants (Bailey)
  4 scorpions
  5 wights (D:6)
  3 killer bees (D:7)
  A jelly (D:7)
  2 orc priests (D:5)
  7 hounds
  3 gnoll boudas
  An iguana (D:3)
  Robin (D:4)
  6 adders
  15 gnolls
  A worm (D:4)
  2 dart slugs
  5 orcs
  6 bats
  11 endoplasms
  2 giant cockroaches
  26 goblins
  12 hobgoblins
  3 jackals (D:1)
  7 kobolds
  2 quokkas
  9 ball pythons
  3 frilled lizards (D:2)
  6 rats
160 creatures vanquished.

Notes
Turn   | Place    | Note
-------+----------+-------------------------------------------
     0 | D:1      | teh the Demonspawn Ice Elementalist began the quest for the
                  | Orb.
     0 | D:1      | Reached XP level 1. HP: 13/13 MP: 3/3
   487 | D:1      | Gained mutation: You have a pair of small horns on your
                  | head. [demonic ancestry]
   487 | D:1      | Reached XP level 2. HP: 20/20 MP: 3/5
   967 | D:2      | Reached skill level 1 in Fighting
  1005 | D:2      | Gained mutation: You regenerate a little health from kills.
                  | [demonic ancestry]
  1005 | D:2      | Reached XP level 3. HP: 26/26 MP: 4/6
  1017 | D:2      | Reached skill level 1 in Conjurations
  1157 | D:2      | Found a shadowy altar of Dithmenos.
  1268 | D:2      | Gained mutation: Spells you cast may paralyse adjacent
                  | enemies. [demonic ancestry]
  1268 | D:2      | Reached XP level 4. HP: 30/32 MP: 4/7
  1702 | D:2      | Learned a level 3 spell: Frozen Ramparts
  1706 | D:2      | Learned a level 3 spell: Ozocubu's Armour
  1834 | D:3      | Reached skill level 4 in Ice Magic
  2124 | D:3      | Noticed a scorpion
  2131 | D:3      | Killed a scorpion
  2132 | D:3      | Gained mutation: You have a pair of horns on your head.
                  | [demonic ancestry]
  2132 | D:3      | Reached XP level 5. HP: 38/38 MP: 6/9
  2650 | D:4      | Reached XP level 6. HP: 40/45 MP: 5/10
  3030 | D:4      | Noticed Sigmund
  3039 | D:4      | Killed Sigmund
  3040 | D:4      | Reached XP level 7. HP: 52/52 MP: 1/12
  3301 | D:4      | Noticed Robin
  3312 | D:4      | Killed Robin
  3392 | D:4      | Noticed Pikel
  3406 | D:4      | Killed Pikel
  3407 | D:4      | Reached skill level 5 in Ice Magic
  3407 | D:4      | Gained mutation: You have a pair of large horns on your
                  | head. [demonic ancestry]
  3407 | D:4      | Reached XP level 8. HP: 49/60 MP: 5/14
  3845 | D:5      | Entered Level 5 of the Dungeon
  3911 | D:5      | Found Emoerok's Jewellery Shop.
  3911 | D:5      | Found a staircase to the Ecumenical Temple.
  4773 | D:6      | Reached skill level 5 in Dodging
  4773 | D:6      | Reached skill level 5 in Spellcasting
  4774 | D:6      | Reached skill level 5 in Conjurations
  4951 | D:6      | Reached skill level 5 in Fighting
  5007 | D:6      | Reached skill level 6 in Ice Magic
  5007 | D:6      | Gained mutation: Spells you cast may paralyse nearby
                  | enemies. [demonic ancestry]
  5007 | D:6      | Reached XP level 9. HP: 59/68 MP: 9/16
  5071 | D:6      | Noticed Grinder
  5076 | D:6      | Killed Grinder
  5113 | D:6      | You fall into a shaft and drop 1 floor!
  5354 | D:7      | Found an ancient bone altar of Kikubaaqudgha.
  5377 | D:7      | Found a flagged portal.
  5383 | Bailey   | Entered a bailey
  6049 | Bailey   | Mangled by a gnoll sergeant

Illustrated notes

Levels and vault maps discovered:
D:1:      nicolae_arrival_memento_mori, layout_basic,
          chequers_serial_rivers_micro_e
D:2:      layout_rooms, basic_altar
D:3:      kennysheep_the_goblin_king, layout_basic, cheibrodos_gnoll_hut
D:4:      layout_basic, chequers_serial_rivers_micro_d, uniq_sigmund,
          uniq_pikel, uniq_robin
D:5:      layout_rooms, minmay_temple_entry_proselytizer, serial_shops, shop
D:6:      layout_basic, uniq_menkaure, uniq_grinder, uniq_prince_ribbit1
D:7:      layout_loops_ring, nicolae_kikubaaqudgha_miasma_corner,
          enter_bailey_3, abandoned_shop
Bailey:   bailey_polearm_gnolls_kennysheep, bailey

Skill      XL: |  1  2  3  4  5  6  7  8 |
---------------+-------------------------+-----
Dodging        | 2 3 4 5 |  5.8
Fighting       | 1 2 3 5 |  5.8
Conjurations   | 1 2 3 5 |  5.9
Ice Magic      | 4 5 6 |  6.6
Spellcasting   | 3 4 5 |  5.8
Stealth        | |  1.7

Action                     |  1- 3 |  4- 6 |  7- 9 || total
---------------------------+-------+-------+-------++-------
  Melee: Unarmed           |    12 |       |       ||    12
         Dagger            |    60 |    29 |       ||    89
         Headbutt          |    10 |    12 |    34 ||    56
         Rapier            |       |    62 |   155 ||   217
         Punch             |       |     3 |     2 ||     5
  Throw: Throwing net      |       |       |     1 ||     1
   Cast: Freeze            |    34 |    41 |    33 ||   108
         Ozocubu's Armour  |       |     3 |    17 ||    20
         Frozen Ramparts   |       |     4 |    15 ||    19
    Use: Scroll            |     6 |     4 |     4 ||    14
         Potion            |       |       |     1 ||     1
   Stab: Sleeping          |     1 |     3 |     2 ||     6
         Paralysed         |       |    14 |    40 ||    54
 Armour: Robe              |    14 |       |       ||    14
         Leather armour    |     3 |    40 |    31 ||    74
  Dodge: Dodged            |    63 |    60 |   174 ||   297

Table legend: (Time is in decaauts)
 A = Elapsed time spent in this place.
 B = Non-inter-level travel time spent in this place.
 C = Inter-level travel time spent in this place.
 D = Time resting spent in this place.
 E = Time spent auto-exploring this place.
 F = Levels seen in this place.
 G = Mean time per level.
                   A        B        C        D        E       F      G
               +--------+--------+--------+--------+--------+-----+--------+
         Total |   6089 |   5951 |    138 |     32 |   4622 |   8 |  761.1 |
       Dungeon |   5417 |   5279 |    138 |      0 |   4252 |   7 |  773.9 |
        Bailey |    672 |    672 |      0 |     32 |    370 |   1 |  672.0 |
               +--------+--------+--------+--------+--------+-----+--------+

Top non-repeatable levels by time:
     D:4: 1289 daAuts
     D:1: 960 daAuts
     D:3: 865 daAuts
     D:2: 745 daAuts
     D:5: 709 daAuts
  Bailey: 672 daAuts
     D:6: 574 daAuts
     D:7: 272 daAuts
